 Dungeon Crawl Stone Soup version 0.20.1-1-g8b1a95d66d (webtiles) character file.

5994 Jynx the Frost Mage (level 10, -6/69 HPs)
             Began as a Purple Draconian Ice Elementalist on Dec 19, 2017.
             Was a Believer of Vehumet.
             Mangled by a yak (15 damage)
             ... on level 9 of the Dungeon.
             The game lasted 00:32:21 (9412 turns).

Jynx the Frost Mage (DrIE)                          Turns: 9412, Time: 00:32:21

Health: -6/69      AC: 10    Str: 10    XL:     10   Next: 55%
Magic:  11/19      EV: 12    Int: 18    God:    Vehumet [**....]
Gold:   430        SH:  0    Dex: 13    Spells: 13/22 levels left

rFire    . . .     SeeInvis +   e - +1 dagger (drain)
rCold    . . .     Gourm    .   (no shield)
rNeg     . . .     Faith    .   (armour unavailable)
rPois    .         Spirit   .   y - +1 hat {SInv}
rElec    .         Reflect  .   R - +0 cloak
rCorr    .         Harm     .   d - +0 pair of gloves
MR       +....                  (no boots)
Stlth    +++.......             (no amulet)
Regen    0.3/turn               (no ring)
MPRegen  0.2/turn               (no ring)

@: no status effects
A: breathe power, unfitting armour, cold-blooded, AC +7
a: Breathe Dispelling Energy, Renounce Religion


You were on level 9 of the Dungeon.
You worshipped Vehumet.
Vehumet was pleased with you.
You were not hungry.

You visited 2 branches of the dungeon, and saw 10 of its levels.
You also visited: Sewer and Bailey.

You collected 430 gold pieces.

Inventory:

Hand Weapons
 e - a +1 dagger of draining (weapon)
Armour
 d - a +0 pair of gloves (worn)
 y - a +1 hat of see invisible (worn)
 R - a +0 cloak (worn)
Magical Staves
 I - an uncursed staff of energy
Jewellery
 h - an uncursed ring of resist corrosion {unknown}
 k - an uncursed amulet of magic regeneration {unknown}
 l - an uncursed ring of fire {unknown}
 s - an uncursed ring of see invisible {unknown}
 u - a +4 ring of dexterity {unknown}
 G - a +4 ring of slaying {unknown}
 J - an uncursed ring of protection from cold {unknown}
Wands
 A - a wand of disintegration (15/24)
 E - a wand of random effects (17/48)
 L - a wand of random effects (37/48)
 M - a wand of lightning (4/15)
 Q - a wand of paralysis (4/24)
Scrolls
 c - 8 scrolls of teleportation
 f - a scroll of amnesia
 n - 2 scrolls of fear {unknown}
 p - 3 scrolls of magic mapping {unknown}
 q - 8 scrolls of identify {unknown}
 z - a scroll of fog {unknown}
 B - 3 scrolls of remove curse {unknown}
 F - a scroll of enchant weapon {unknown}
 H - 2 scrolls of random uselessness {unknown}
 N - a scroll of recharging
Potions
 j - 2 potions of heal wounds
 m - a potion of magic {unknown}
 o - 3 potions of ambrosia {unknown}
 r - a potion of agility {unknown}
 t - a potion of cancellation {unknown}
 v - 3 potions of curing {unknown}
 x - 2 potions of haste {unknown}
 C - 3 potions of brilliance {unknown}
 D - 2 potions of mutation {unknown}
 O - 2 potions of might {unknown}
Books
 a - a book of Frost

   Spells                             Type                      Level
   a - Freeze                         Ice                          1
   b - Throw Frost                    Conjuration/Ice              2
   c - Ozocubu's Armour               Charms/Ice                   3
   d - Throw Icicle                   Conjuration/Ice              4
   e - Summon Ice Beast               Ice/Summoning                4
 w - a book of Maledictions

   Spells                             Type                      Level
   a - Corona                         Hexes                        1
   b - Ensorcelled Hibernation        Hexes/Ice                    2
   c - Confuse                        Hexes                        3
   d - Tukima's Dance                 Hexes                        3
   e - Dazzling Spray                 Conjuration/Hexes            3
 K - a book of Misfortune

   Spells                             Type                      Level
   a - Confusing Touch                Hexes                        1
   b - Confuse                        Hexes                        3
   c - Gell's Gravitas                Translocation                3
   d - Petrify                        Transmutation/Earth          4
   e - Metabolic Englaciation         Hexes/Ice                    5
   f - Yara's Violent Unravelling     Hexes/Transmutation          5
Comestibles
 b - 7 bread rations
 g - 15 fruits
 i - 2 meat rations
 P - 3 chunks of flesh


   Skills:
 + Level 7.2 Short Blades
 - Level 1.7 Dodging
 + Level 5.6 Stealth
 + Level 6.5 Spellcasting
   Level 1.0 Conjurations
 + Level 6.4 Hexes
 * Level 10.7 Ice Magic


You had 13 spell levels left.
You knew the following spells:

 Your Spells              Type           Power        Failure   Level  Hunger
a - Freeze                Ice            ####         1%          1    None
b - Ozocubu's Armour      Chrm/Ice       ####....     3%          3    ##.....
c - Ensorcelled Hibernat  Hex/Ice        #####.       1%          2    None
d - Confuse               Hex            ####....     2%          3    ##.....


Dungeon Overview and Level Annotations

Branches:
Dungeon (9/15)             Temple (1/1) D:6            Lair (0/6) D:8
    Orc: D:9-12

Altars:
Ashenzari
Cheibriados
Elyvilon
Fedhas
Gozag
Hepliaklqana
Kikubaaqudgha
Nemelex Xobeh
Okawaru
Qazlal
Ru
Sif Muna
Trog
Uskayaw
Vehumet
Xom
Yredelemnul
Zin
The Shining One
Lugonu

Shops:
D:4 (

Annotations:
D:6 exclusion: oklob plant


Innate Abilities, Weirdness & Mutations

You can breathe bolts of dispelling energy.
Your rich purple scales are hard. (AC +7)
You cannot fit into any form of body armour.
You are cold-blooded and may be slowed by cold attacks.


Message History

The shadow imp hits you.
* * * LOW HITPOINT WARNING * * *
Casting: Freeze
Confirm with . or Enter, or press ? or * to list all spells.
Aiming: Freeze
Press: ? - help, Shift-Dir - straight line, f/p - yak
Aim: a yak (almost dead)
You freeze the yak.
You kill the yak!
Vehumet accepts your kill.
You feel your power returning. The shadow imp hits you.
* * * LOW HITPOINT WARNING * * *
Casting: Freeze
Confirm with . or Enter, or press ? or * to list all spells.
Aiming: Confuse
Press: ? - help, Shift-Dir - straight line, f - yak
Aim: a yak (chance to defeat MR: 57%)
The yak resists with significant effort.
The yak gores you!
You die...

..# #..# #..#
..#####..#######..#
........).........#
..................#
####.)####..####..########
# #..# #..# #.......... #
#..# #..# #.......... #
#..# #..# #..######## #
#..# #..# #@Y#
####).####..####Z5#
................YY#
..................#
#..######..#####..# #..# #
># #..# #).# # #..# #..#
#..# #..##### #...


You could see 3 yaks, a shadow imp and a centaur skeleton.

Vanquished Creatures
  Erica (D:9)
  2 two-headed ogres (D:9)
  Joseph (D:9)
  A tengu conjurer (D:8)
  2 yaks (D:9)
  A hungry ghost (D:8)
  A water moccasin (D:9)
  3 orc warriors
  A phantom (D:4)
  4 ice beasts
  3 sky beasts
  3 ogres
  2 centaurs
  The ghost of cada the Insei, an amateur OpTm (D:3)
  A crocodile (Sewer)
  4 bullfrogs
  2 scorpions
  A water moccasin zombie (D:7)
  2 howler monkeys
  A centaur zombie (D:8)
  2 crimson imps
  2 orc priests
  4 hounds
  10 orc wizards
  2 bullfrog skeletons
  4 worker ants
  A hound zombie (D:6)
  2 hound skeletons
  Robin (D:2)
  2 gnolls (Bailey)
  10 adders
  2 shadow imps (D:5)
  An ooze (D:1)
  2 adder skeletons
  A worm (D:6)
  A dart slug (D:4)
  21 orcs
  10 bats
  4 giant cockroaches
  2 gnoll zombies (D:5)
  20 goblins
  11 hobgoblins
  4 jackals
  A quokka (D:5)
  3 ball pythons
  4 frilled lizards
  9 kobolds
  8 rats
181 creatures vanquished.

Notes
Turn   | Place    | Note
-------+----------+-------------------------------------------
     0 | D:1      | Jynx the Draconian Ice Elementalist began the quest for the Orb.
     0 | D:1      | Reached XP level 1. HP: 14/14 MP: 3/3
   206 | D:1      | Reached XP level 2. HP: 16/20 MP: 0/5
   589 | D:1      | Reached skill level 1 in Short Blades
   785 | D:1      | Reached skill level 4 in Ice Magic
   785 | D:1      | Reached XP level 3. HP: 26/26 MP: 6/6
   953 | D:2      | Noticed Robin
   995 | D:2      | Killed Robin
  1321 | D:2      | Reached XP level 4. HP: 33/33 MP: 7/7
  1376 | D:2      | Found a stormy altar of Qazlal.
  1377 | D:2      | Found a shimmering altar of Xom.
  1658 | D:3      | Noticed an orc warrior
  1778 | D:2      | Reached skill level 5 in Ice Magic
  1879 | D:3      | Noticed cada's ghost (amateur OpTm)
  1890 | D:3      | Noticed an ogre
  1904 | D:3      | Killed cada's ghost
  1904 | D:3      | Reached XP level 5. HP: 15/38 MP: 0/8
  2099 | D:2      | Learned a level 3 spell: Ozocubu's Armour
  2107 | D:3      | Killed an ogre
  2107 | D:3      | Reached skill level 6 in Ice Magic
  2107 | D:3      | Reached XP level 6. HP: 27/45 MP: 0/9
  2205 | D:3      | Found a sacrificial altar of Ru.
  2213 | D:3      | Found an opulent altar of Gozag.
  2213 | D:3      | Found a hide-covered altar of Uskayaw.
  2226 | D:3      | Found a snail-covered altar of Cheibriados.
  2237 | D:3      | Found a bloodstained altar of Trog.
  2657 | D:3      | Killed an orc warrior
  2794 | D:3      | Found a blossoming altar of Fedhas.
  3065 | D:3      | Found a basalt altar of Yredelemnul.
  3067 | D:3      | Found a glowing silver altar of Zin.
  3067 | D:3      | Found a deep blue altar of Sif Muna.
  3069 | D:3      | Found an iron altar of Okawaru.
  3069 | D:3      | Found a stormy altar of Qazlal.
  3069 | D:3      | Found a shimmering altar of Xom.
  3336 | D:4      | Found Saicsix's Antique Weapon Shop.
  3390 | D:4      | Reached skill level 7 in Ice Magic
  3390 | D:4      | Your scales start taking on a rich purple colour.
  3390 | D:4      | Reached XP level 7. HP: 11/50 MP: 0/10
  3731 | D:4      | Learned a level 2 spell: Ensorcelled Hibernation
  4180 | D:4      | Reached skill level 1 in Hexes
  4379 | D:4      | Found a glowing golden altar of the Shining One.
  4721 | D:5      | Entered Level 5 of the Dungeon
  4830 | D:5      | Reached XP level 8. HP: 54/57 MP: 7/13
  4903 | D:5      | Found a shattered altar of Ashenzari.
  5142 | D:5      | Found a deep blue altar of Sif Muna.
  5503 | D:5      | Found a basalt altar of Yredelemnul.
  5629 | D:6      | Reached skill level 8 in Ice Magic
  5658 | D:6      | Found a glowing drain.
  5704 | Sewer    | Entered a sewer
  5779 | Sewer    | Reached skill level 5 in Short Blades
  5887 | D:6      | Found a staircase to the Ecumenical Temple.
  5915 | Temple   | Entered the Ecumenical Temple
  5957 | Temple   | Became a worshipper of Vehumet
  6257 | D:6      | Found a white marble altar of Elyvilon.
  6257 | D:6      | Noticed an oklob plant
  6719 | D:7      | Learned a level 3 spell: Confuse
  6855 | D:7      | Reached XP level 9. HP: 62/62 MP: 15/15
  6907 | D:7      | Reached * piety under Vehumet
  6907 | D:7      | Offered knowledge of Sandblast by Vehumet.
  6931 | D:7      | Found a white marble altar of Elyvilon.
  7242 | D:8      | Found a staircase to the Lair.
  7333 | D:8      | Reached skill level 9 in Ice Magic
  7990 | D:9      | Noticed a two-headed ogre
  8005 | D:9      | Killed a two-headed ogre
  8005 | D:9      | Reached skill level 5 in Spellcasting
  8005 | D:9      | Reached skill level 5 in Hexes
  8248 | D:9      | Found a flagged portal.
  8259 | D:9      | Noticed Joseph
  8296 | D:9      | Killed Joseph
  8500 | Bailey   | Entered a bailey
  8533 | Bailey   | Reached skill level 10 in Ice Magic
  8533 | Bailey   | Reached XP level 10. HP: 69/69 MP: 12/18
  8621 | Bailey   | Found an iron altar of Okawaru.
  8621 | Bailey   | Noticed an orc sorcerer
  8621 | Bailey   | Noticed an orc high priest
  8794 | D:9      | Noticed a two-headed ogre
  8857 | D:8      | Reached skill level 5 in Stealth
  9221 | D:9      | Killed a two-headed ogre
  9228 | D:9      | Noticed Erica
  9268 | D:9      | Killed Erica
  9268 | D:9      | Offered knowledge of Searing Ray by Vehumet.
  9404 | D:9      | Reached ** piety under Vehumet
  9412 | D:9      | Mangled by a yak

Skill      XL: |  1  2  3  4  5  6  7  8  9 10 |
---------------+-------------------------------+-----
Short Blades   | 1 2 3 4 5 6 7 |  7.2
Ice Magic      | 4 5 6 7 8 10 | 10.7
Hexes          | 2 4 5 6 |  6.4
Spellcasting   | 3 4 5 6 |  6.5
Stealth        | 2 3 4 5 |  5.6
Dodging        | |  1.7
Conjurations   | |  1.0

Action                   |  1- 3 |  4- 6 |  7- 9 | 10-12 || total
-------------------------+-------+-------+-------+-------++-------
Melee: Unarmed           |     3 |       |       |       ||     3
       Dagger            |    66 |   119 |   434 |    76 ||   695
       Tailslap          |     6 |     5 |    39 |    12 ||    62
 Cast: Freeze            |    15 |    32 |   109 |    27 ||   183
       Ozocubu's Armour  |       |     4 |     9 |     1 ||    14
       Confuse           |       |       |    11 |    17 ||    28
  Use: Potion            |     1 |     1 |       |     1 ||     3
       Scroll            |       |       |     4 |       ||     4
 Stab: Sleeping          |     3 |     2 |     6 |     1 ||    12
       Distracted        |       |       |     1 |       ||     1
       Confused          |       |       |     5 |     6 ||    11
  Eat: Chunk             |     1 |     8 |    15 |     4 ||    28
       Meat ration       |       |       |     1 |       ||     1
Armor: Skin              |    26 |    41 |   137 |    49 ||   253
Dodge: Dodged            |    43 |    96 |   248 |    75 ||   462
